Cogmind - Beta 10.2 @@@ ROGUE MODE // 2021.11.28 @ 18:34:15 Player: Mittens Result: Destroyed by G-34 Mercenary with Small Laser Performance ------------- Evolutions (0) 0 Regions Visited (1) 200 Robots Destroyed (21) 105 Value Destroyed (539) 539 Prototype IDs (0) 0 Alien Tech Used (0) 0 Bonus (0) 0 TOTAL SCORE: 844 Bonus ------- None Cogmind --------- Core Integrity 0/250 Matter 138/300 Energy 100/100 System Corruption 1% Temperature Cool (249) Movement Rolling (80) Location -10/Materials Parts ------- > --- POWER (1) -------- (None) > --- PROPULSION (2) --- Wheel Wheel > --- UTILITY (2) ------ (None) > --- WEAPON (2) ------- Particle Gun > --- INVENTORY (4) ---- Flight Unit Flight Unit Large Battery (300) Trap Extractor Peak State ------------ > --- POWER ------------ Ion Engine > --- PROPULSION ------- Aluminum Leg Aluminum Leg > --- UTILITY ---------- Signal Interpreter Field Recycling Unit > --- WEAPON ----------- Particle Gun Light Assault Rifle > --- INVENTORY -------- Light Ion Engine Trap Extractor Particle Gun [Rating: 9] Favorites ----------- Power Light Ion Engine Engine Light Ion Engine Propulsion Wheel Leg Aluminum Leg Wheel Wheel Flight Unit Flight Unit Utility Signal Interpreter Device Trap Extractor Processor Signal Interpreter Weapon Light Assault Rifle Energy Gun Particle Gun Ballistic Gun Light Assault Rifle Launcher Grenade Launcher Build | -11 -10 ------- Run | Scr Mat Slots Evolved . | . . Power . | . . Propulsion . | . . Utility . | . . Weapon . | . . Parts Attached 28 | 6 22 Power 4 | 1 3 Engine 4 | 1 3 Core . | . . Reactor . | . . Propulsion 11 | 2 9 Treads . | . . Leg 2 | . 2 Wheel 6 | 2 4 Hover . | . . Flight 3 | . 3 Utility 4 | 1 3 Device 3 | 1 2 Storage . | . . Processor 1 | . 1 Hackware . | . . Protection . | . . Artifact . | . . Weapon 9 | 2 7 Energy Gun 4 | 1 3 Energy Cannon . | . . Ballistic Gun 4 | 1 3 Ballistic Cannon . | . . Launcher 1 | . 1 Special Weapon . | . . Impact Weapon . | . . Slashing Weapon . | . . Piercing Weapon . | . . Special Melee Weapon . | . . Unidentified Prototypes . | . . Parts Lost 11 | . 11 Power 3 | . 3 Propulsion 3 | . 3 Utility 1 | . 1 Weapon 4 | . 4 Highest Loss Streak 7 | . 7 Average Slot Usage (%) 80 | . 80 Engine 11 | . 11 Leg 10 | . 10 Wheel 12 | . 12 Flight 4 | . 4 Device 7 | . 7 Processor 7 | . 7 Energy Gun 9 | . 9 Ballistic Gun 15 | . 15 Launcher 1 | . 1 Naked Turns . | . . Heaviest Build 11 | 8 11 Greatest Support 26 | 20 26 Greatest Overweight (x) 2 | . 2 Average Overweight (x) . | . . Largest Inventory Capacity 4 | 4 4 Average Capacity 4 | 4 4 Most Carried 4 | 3 4 Average Carried 2 | . 2 Final Capacity 4 | 4 4 Final Carried 4 | 1 4 Class Distribution -------------------- 56% | Mutant 43% | Scavenger-Mutant Dominant Class ---------------- Mutant | -10/Materials Resources | -11 -10 ----------- Run | Scr Mat Matter Collected 509 | 262 247 Remotely . | . . Salvage Created 678 | 38 640 Parts 44 | 3 41 Haulers Intercepted 1 | . 1 Recyclers Shooed . | . . Parts Field Recycled . | . . Retrieved Matter . | . . Parts Self-Destructed . | . . Prevented . | . . Kills | -11 -10 ------- Run | Scr Mat Combat Hostiles Destroyed 15 | 1 14 Guns 13 | 1 12 AOE 2 | . 2 Classes Destroyed 6 | 1 5 Builder 1 | . 1 Hauler 1 | . 1 Recycler 1 | . 1 Watcher 3 | . 3 Swarmer 3 | . 3 Grunt 12 | 1 11 Best Kill Streak 5 | 1 5 Combat Bots Only 3 | 1 3 Max Kills in Single Turn 2 | 1 2 Gunslinging 1 | . 1 Exploded 1 | . 1 Melee . | . . Uniques/NPCs Destroyed . | . . Combat | -11 -10 -------- Run | Scr Mat Damage Taken 1071 | 21 1050 Core 251 | 11 240 Absorbed by Shields . | . . Core Remaining (%) 95 | 95 . Volleys Fired 85 | 5 80 Largest 2 | 2 2 Hottest 95 | 70 95 Shots Fired 141 | 10 131 Gun 132 | 10 122 Cannon . | . . Launcher 9 | . 9 Special . | . . Kinetic 88 | 5 83 Thermal 44 | 5 39 Explosive 9 | . 9 Electromagnetic . | . . Robot Hit Streak 9 | 4 9 Robot Miss Streak 5 | 1 5 Penetration Max . | . . Secondary Targets 4 | . 4 Max Gunslinging Chain 1 | . 1 Shots Hit Robots 84 | 7 77 Core Hits 45 | 2 43 Critical Hits 1 | . 1 Critical Kills . | . . Critical Parts Destroyed 1 | . 1 Melee Attacks . | . . Impact . | . . Slashing . | . . Piercing . | . . Sneak Attacks . | . . Combat Hostiles . | . . Follow-up Attacks . | . . Damage Inflicted 1378 | 71 1307 Guns 932 | 71 861 Cannons . | . . Explosions 446 | . 446 Melee . | . . Ramming . | . . Kinetic 535 | 21 514 Thermal 397 | 50 347 Explosive 263 | . 263 Electromagnetic 183 | . 183 Impact . | . . Slashing . | . . Piercing . | . . Highest Corruption 1 | . 1 Average Corruption 1 | . 1 Corruption Purged . | . . Effects 2 | . 2 Data Loss (minor) 2 | . 2 Overload Shots . | . . Overflow Damage 1 | . 1 Projectiles . | . . Explosions 1 | . 1 Melee . | . . Knockbacks . | . . Impact . | . . Kinetic . | . . Secondary . | . . Self-Inflicted Damage 59 | . 59 Shots 2 | . 2 Rammed . | . . Targets Rammed . | . . Kicked . | . . Crushed . | . . Highest Temperature 289 | 57 289 Average Temperature 79 | 31 85 Received Heat Transfer 459 | 12 447 Siege Activations . | . . Robots Corrupted . | . . Combat Hostiles . | . . Parts Fried . | . . Impact Corruptions . | . . Robots Melted . | . . Combat Hostiles . | . . Parts Melted . | . . Heat Transferred 1036 | 148 888 Parts Sabotaged . | . . Parts Stolen . | . . Parts Stripped . | . . Power Chain Reactions . | . . Missiles Intercepted . | . . Alert | -11 -10 ------- Run | Scr Mat Peak Influence 301 | 20 301 Initial 13 | . 13 Average 143 | 2 159 Maximum Alert Level 1 | . 1 Low Security (%) 72 | 100 70 Level 1 27 | . 29 Level 2 . | . . Level 3 . | . . Level 4 . | . . Level 5 . | . . High Security . | . . Max Security . | . . Squads Dispatched 8 | . 8 Investigation 2 | . 2 Extermination . | . . Reinforcement 6 | . 6 Assault . | . . Garrison . | . . Intercept . | . . Construction Impeded . | . . Haulers Reinforced . | . . Stealth | -11 -10 --------- Run | Scr Mat Distress Signals 2 | . 2 Communications Jammed . | . . Distress Signals . | . . Times Spotted 33 | 1 32 Peak Tracking Total 5 | 1 5 Tactical Retreats 2 | . 2 Traps | -11 -10 ------- Run | Scr Mat Traps Triggered 3 | . 3 Indirectly . | . . Trap Hack Attempts . | . . Triggered . | . . Disarmed . | . . Reprogrammed . | . . Reused . | . . Traps Extracted . | . . Installed . | . . Triggered . | . . Machines | -11 -10 ---------- Run | Scr Mat Machines Disabled 4 | . 4 Max in Single Turn 2 | . 2 Machines Sabotaged . | . . Garrisons Compromised . | . . Overloaded Fab Kills . | . . Fab Network Shutdowns . | . . Hacking | -11 -10 --------- Run | Scr Mat Machines Accessed 2 | . 2 Terminals . | . . Fabricators . | . . Repair Stations 1 | . 1 Recycling Units 1 | . 1 Scanalyzers . | . . Garrison Access . | . . Total Hacks 6 | . 6 Successful 6 | . 6 Failed . | . . Catastrophic . | . . Database Lockouts . | . . Manual . | . . Terminals . | . . Fabricators . | . . Repair Stations 2 | . 2 Recycling Units 4 | . 4 Scanalyzers . | . . Garrison Access . | . . Terminal Hacks . | . . Fabricator Hacks . | . . Repair Station Hacks 2 | . 2 Scan Component 1 | . 1 Repair 1 | . 1 Recycling Unit Hacks 4 | . 4 Process 1 | . 1 Report Inventory 1 | . 1 Retrieve Matter 1 | . 1 Retrieve Components 1 | . 1 Scanalyzer . | . . Garrison Access Hacks . | . . Unauthorized Hacks . | . . Terminals . | . . Fabricators . | . . Repair Stations . | . . Recycling Units . | . . Scanalyzers . | . . Garrison Access . | . . Data Cores Recovered . | . . Used . | . . Hacking Detections . | . . Full Trace Events . | . . Feedback Events . | . . Feedback Blocked . | . . Robot Schematics Acquired . | . . Robots Built . | . . Matter . | . . Time . | . . Total Robot Build Rating . | . . Part Schematics Acquired . | . . Parts Built . | . . Matter . | . . Time . | . . Total Part Build Rating . | . . Parts Repaired 1 | . 1 Time 26 | . 26 Parts Recycled . | . . Recycled Matter 151 | . 151 Retrieved Matter . | . . Retrieved Components . | . . Parts Scanalyzed . | . . Part Schematics Acquired . | . . Parts Damaged . | . . Bothacking | -11 -10 ------------ Run | Scr Mat Used RIF Installer . | . . Robots Hacked . | . . Non-combat . | . . Combat . | . . Robot Hacks Applied . | . . Relay Couplers Released . | . . Robots Rewired . | . . Allies Hacked . | . . Hacks Repelled . | . . Allies | -11 -10 -------- Run | Scr Mat Total Allies . | . . Largest Group . | . . Highest-Rated Group . | . . Highest-Rated Ally . | . . Total Orders . | . . Ally Attacks . | . . Total Damage . | . . Kills . | . . Allies Corrupted . | . . Allies Melted . | . . Intel | -11 -10 ------- Run | Scr Mat Robot Analysis Total . | . . Derelict Logs Recovered . | . . Drone Launches . | . . Drone Recoveries . | . . Exploration | -11 -10 ------------- Run | Scr Mat Turns Passed 766 | 75 691 Spaces Moved 486 | 66 420 Core 58 | 17 41 Treads . | . . Legs 148 | . 148 Wheels 224 | 49 175 Hover . | . . Flight 56 | . 56 Fastest Speed 37 | 50 37 Average Speed 96 | 72 100 Slowest Speed 200 | 80 200 Overloaded Moves . | . . Propulsion Burnouts . | . . Robots Hopped . | . . Cave-ins Triggered . | . . Exploration Rate (%) 34 | 5 63 Regions Visited 1 Branch Regions . Pre-discovered Areas . | . . Known Exits Taken . | . . Unknown Exits Taken 1 | 1 . Scrap Searched . | . . Spaces Dug . | . . Terrain Destroyed 46 | . 46 Melee . | . . Projectile . | . . AOE 46 | . 46 Terrain Rammed . | . . Walls Destroyed . | . . Machines Disabled . | . . Actions | -11 -10 --------- Run | Scr Mat Total 651 | 83 568 Wait 14 | . 14 Move 485 | 65 420 Hop . | . . Pick Up 29 | 7 22 Fast Attach . | . . Attach 18 | 6 12 Detach . | . . Swap 10 | . 10 Drop 10 | . 10 Fire 85 | 5 80 Melee . | . . Ram . | . . Kick . | . . Crush . | . . Escape Stasis . | . . Rewire . | . . Trap . | . . Miscellaneous . | . . Route ------- -11/Scrapyard -10/Materials (discovered 1 exit: [*Mat]) History --------- Turn | Location | Event 2 | -11/Scrapyard | Met Revision 17 52 | -11/Scrapyard | Discovered new exit (range 8) 76 | -11/Scrapyard | Entered Materials 256 | -10/Materials | Lost 7 parts (1p2n1u3w) 331 | -10/Materials | Discovered new exit (range 16) 547 | -10/Materials | Repaired Lgt. Ion Engine? 568 | -10/Materials | Core integrity fell below 50% 749 | -10/Materials | Core integrity fell below 20% 767 | -10/Materials | Destroyed by G-34 Mercenary with Small Laser Last Messages --------------- U-05 Engineer builds a Wall. R-06 Scavenger collects Wheel. G-34 Mercenary destroyed. U-05 Engineer builds a Door. R-06 Scavenger collects Wheel. Terminal disabled. Grenade Launcher destroyed. R-06 Scavenger collects Wheel. Lgt. Ion Engine destroyed. U-05 Engineer lays Concrete. R-06 Scavenger collects Wheel. U-05 Engineer lays Concrete. The unstable cave ceiling collapses. O-16 Technician sends out distress signal. O-16 Technician: "IFF HANDSHAKE FAILED. SECURING TERMINAL." U-05 Engineer builds a Wall. U-05 Engineer lays Concrete. ALERT: Hostiles spotted, dispatching reinforcements to Terminal M007. U-05 Engineer builds a Wall. [Achievement: First Step to Greatness] Map ----- +----------------------------------------------------+ | """" #?????????????????????????????? | | """" #?########????????????????????? | | """" #?# #????????????????????? | | """" #?# #????????????????????? | | """" #?# """ #????????????????????? | | #?#! """ #????????????????????? | | #?# """ #????????????????????? | | #+####?? ??????????#???????????? | | # ########+###?????? ????????????? | | # ^#??? ""?????????????? | | # ^## "Y"????????????? | | # ^*+ +? T ?????? | | # ^## """ ""???? ?????? | | # ^#???"" "????? ?????? | | # ###????? ?????? #?????? | | # #??????????????gg #?????? | | # #?????????????? #?????? | | #?????????????? #?????? | | #+######## #??#######???## ##????? | | #???## ##?# ##### #????? | | #???# ### T #????? | | #???# "" ? #????? | | #???# ### #????? | | #???## ##?# #?### ?????? | | #??###+##### #### #???????? | | ###+#??# # # [ @ ##??????? | | ??# #??# + g #??????? | | ??# #??# ! # m #??????? | | ??# #??######### ##??????? | | ### #?????????###+## ### ###??????? | | ######### %u #+#????????? | | # ## = ????????? | | # """ # ???????? | | # "R" # ?????? | | # " " # % ????? | | # # [% = [ ????? | | # """ # ## ! ???? | | + """ # ? % ???? | | # """ # ? # ## ???? | | # # # ######+###????? | | # """ # # #?????????????? | | # """ #?? ? # ?????????????? | | + """ #???????? ??????????????? | | # ^^# #???????????????????????? | | # #####?##???????????????????????? | | # #??????????????????????????????? | | # = #??????????????????????????????? | | #= #??????????????????????????????? | | # +??????????????????????????????? | | # # ?????????????????????????????? | +----------------------------------------------------+ Best States ------------- Heat Dissipation 35 Energy Generation 10 Energy Capacity 250 Matter Stores 300 Matter Capacity 300 Sight Range 16 Terrain Scan Density 10 Evasion (%) 62 Item Schematics ----------------- None Robot Schematics ------------------ None Fabricated ------------ Nothing Alien Tech Used ----------------- None Achievements -------------- First Step to Greatness Loot Pinata Part-time Mechanic Storm Trooper Uninvited Guest Challenges ------------ None Game ------ Seed LauncherModifiedDoomcannon Manual? 0 Play Time 00:29:59 Cumulative 0.9 hours Start 2021.11.27 @ 18:06:12 End 2021.11.28 @ 18:34:15 Sessions 5 Manual Loads 0 Difficulty Rogue Special Mode None Game No. 1 Rogue 1 Adventurer 0 Explorer 0 Win Type - Total 0 Types 0/0/0/0/0/0/0/0/0 Lore% 0 Gallery% 1 Achievement% 1 Wizard Run 0 Options --------- ASCII 0 Keyboard 0 Movement Mouse Keybinds 0 Fullscreen 2 Font 24/Smallcaps Map View 76x50 Tactical HUD 0 Map Filters NONE Filters NONE Steam 0 RUN: 00962fa9-0aed-4dd6-80f2-0a4ef624d862